 Dungeon Crawl Stone Soup version 0.30-a0-304-gdc4b735fe1 (webtiles) character file.

Game seed: 12583448044031005388

3322 lonewolfV2 the Changer (level 9, -2/57 HPs)
             Began as a Deep Elf Transmuter on Oct 20, 2022.
             Was a Follower of Vehumet.
             Slain by an orc wizard
             ... wielding a +0 dagger
              (4 damage)
             ... on level 8 of the Dungeon.
             The game lasted 00:13:28 (6236 turns).

lonewolfV2 the Changer (Deep Elf Transmuter)        Turns: 6236, Time: 00:13:29

Health: -2/57      AC: 12    Str:  7    XL:     9   Next: 71%
Magic:  21/21      EV: 14    Int: 23    God:    Vehumet [*.....]
Gold:   277        SH:  5    Dex: 21    Spells: 13/21 levels left

rFire   x . .      SeeInvis .      - Unarmed
rCold   + + +      Faith    .    (shield currently unavailable)
rNeg    . . .      Spirit   .    (body armour currently unavailable)
rPois   +          Reflect  +    (helmet currently unavailable)
rElec   .          Harm     .    (cloak currently unavailable)
rCorr   .          Rampage  .    (gloves currently unavailable)
Will    .....                    (boots currently unavailable)
Stlth   +++.......               c - amulet of reflection
HPRegen 0.29/turn                d - +4 ring of protection
MPRegen 0.17/turn                s - +6 ring of dexterity

@: mighty, ice-form, studying Armour
A: freezing attack, amphibious, boosted hp, large
a: End Transformation, Renounce Religion


You were on level 8 of the Dungeon.
You worshipped Vehumet.
Vehumet was aware of your devotion.
You were a creature of crystalline ice.
You visited 2 branches of the dungeon, and saw 9 of its levels.

You collected 277 gold pieces.

Inventory:

Missiles
 u - 3 throwing nets
Armour
 a - a +1 robe (melded)
Jewellery
 c - an amulet of reflection (around neck)
 d - a +4 ring of protection (left front paw)
 q - a ring of protection from fire
 s - a +6 ring of dexterity (right front paw)
Wands
 h - a wand of flame (26) (quivered)
 j - a wand of light (11)
 k - a wand of paralysis (7)
Scrolls
 i - 2 scrolls of amnesia
 n - 2 scrolls of summoning {unknown}
 o - a scroll of poison {unknown}
 p - a scroll of butterflies {unknown}
 t - 2 scrolls of noise
 w - 2 scrolls of immolation
Potions
 b - 2 potions of lignification
 e - 3 potions of mutation
 f - 2 potions of attraction
 g - 3 potions of degeneration
 m - 2 potions of might
 r - 2 potions of flight
 v - a potion of haste
 x - a potion of magic


   Skills:
 + Level 1.7 Fighting
 + Level 6.6 Dodging
 + Level 3.5 Stealth
 + Level 1.3 Shields
 + Level 7.3 Unarmed Combat
 + Level 6.9 Spellcasting
 * Level 7.5 Transmutations
 + Level 0.5 Ice Magic
 + Level 3.3 Poison Magic


You had 13 spell levels left.
You knew the following spells:

 Your Spells              Type           Power      Damage    Failure   Level
a - Beastly Appendage     Tmut           84%        N/A       1%          1
b - Spider Form           Tmut/Pois      32%        N/A       2%          3
c - Ice Form              Ice/Tmut       26%        N/A       14%         4

Your spell library contained the following spells:

 Spells                   Type           Power      Damage    Failure   Level
 Foxfire                  Conj/Fire      32%        2x1d5     8%          1
 Wereblood                Tmut           42%        N/A       1%          2
 Gell's Gravitas          Tloc           8%         N/A       24%         3
 Lesser Beckoning         Tloc           16%        N/A       24%         3
 Summon Guardian Golem    Hex/Summ       8%         N/A       24%         3
 Teleport Other           Tloc           8%         N/A       24%         3
 Orb of Destruction       Conj           4%         9d5       100%        7
 Spellforged Servitor     Conj/Summ      4%         N/A       100%        7


Dungeon Overview and Level Annotations

Branches:
Dungeon (8/15)             Temple (1/1) D:6
   Lair: D:8-11

Altars:
Cheibriados
Dithmenos
Makhleb
Okawaru
Sif Muna
Trog
Uskayaw
Vehumet
Wu Jian
Yredelemnul
Zin
The Shining One

Shops:
D:3 (   D:7 =


Message History

a +0 shortbow; a centaur corpse You're too confused to move!
The wyvern bites you! The wyvern bites you.
* * * LOW HITPOINT WARNING * * *
The orc wizard misses you. The wyvern misses you.
The orc wizard attacks as you move away!
The orc wizard closely misses you.
You bump into the rock wall.
The wyvern bites you!
* * * LOW HITPOINT WARNING * * *
The howler monkey hoots and howls with incredible vigour!
The bullfrog hits you.
* * * LOW HITPOINT WARNING * * *
A wight comes into view.
It is wielding a +0 hand axe and wearing a +1 robe of willpower.
The orc wizard hits you but does no damage.
The wyvern misses you.
You feel very mighty all of a sudden.
The bullfrog hits you but does no damage.
The orc wizard misses you.
The wyvern bites you but does no damage.
The bullfrog hits you but does no damage.
You hit the bullfrog. You freeze the bullfrog.
You kill the bullfrog!
Vehumet accepts your kill. The wyvern closely misses you.
The orc wizard closely misses you. The wyvern closely misses you.
The orc wizard attacks as you move away!
The orc wizard closely misses you.
You feel less confused.
The howler monkey hits you but does no damage.
You punch the howler monkey! You freeze the howler monkey.
The howler monkey is severely wounded.
You block the wyvern's attack.
The orc wizard hits you but does no damage.
The howler monkey misses you.
You barely miss the howler monkey.
The howler monkey is severely wounded.
The wyvern closely misses you. The howler monkey hits you.
* * * LOW HITPOINT WARNING * * *
The orc wizard hits you with a +0 dagger.
You die...

#..:.<....# #
#.##>...).####
.# #
.......####.#..#
. .. ..#.##.
#.#..#.#... # #.
#.#..#..... #.
#.......# #F
##)z.####
#.#####ohl#
........Y##
#.####..# #...
....# ##..##
#..# ...# ##.#


You could see a wyvern, a howler monkey, a wight and an orc wizard.

Vanquished Creatures
  6 yaks (D:5)
  A water moccasin (D:7)
  An ice beast (D:6)
  2 ogres (D:5)
  3 centaurs
  A phantom (D:4)
  A kobold brigand (D:6)
  4 bullfrogs
  4 necrophages
  2 scorpions
  3 howler monkeys
  5 hounds
  2 jellies
  2 gnoll boudas
  2 orc priests
  Jessica (D:2)
  Ijyb (D:5)
  3 iguanas
  3 orc wizards
  A hound zombie (D:5)
  21 gnolls
  15 adders
  2 shadow imps
  2 white imps (D:6)
  An ufetubus (D:5)
  An adder zombie (D:5)
  2 worms
  5 dart slugs
  21 orcs
  4 endoplasms
  11 goblins
  5 hobgoblins
  4 jackals (D:3)
  A quokka (D:3)
  6 ball pythons
  A bat (D:1)
  2 frilled lizards (D:3)
  14 kobolds
  2 rats (D:1)
168 creatures vanquished.

Vanquished Creatures (others)
  5 plants (D:6)
5 creatures vanquished.

Grand Total: 173 creatures vanquished

Notes
Turn   | Place    | Note
-------+----------+-------------------------------------------
     0 | D:1      | lonewolfV2 the Deep Elf Transmuter began the quest for the
                  | Orb.
     0 | D:1      | Reached XP level 1. HP: 11/11 MP: 6/6
   163 | D:1      | Reached XP level 2. HP: 8/16 MP: 6/8
   887 | D:2      | Found a basalt altar of Yredelemnul.
   942 | D:2      | Reached XP level 3. HP: 15/20 MP: 9/9
   946 | D:2      | Learned a level 3 spell: Spider Form
  1296 | D:2      | Noticed Jessica
  1309 | D:2      | Killed Jessica
  1310 | D:2      | Reached XP level 4. HP: 12/24 MP: 12/12
  1872 | D:3      | Reached skill level 1 in Stealth
  1911 | D:3      | Identified the +1 robe of Ixtakosi {Archmagi}
  1979 | D:3      | Reached skill level 1 in Fighting
  2027 | D:3      | Reached XP level 5. HP: 29/29 MP: 10/13
  2073 | D:3      | Found Puobbeho's Antique Weapon Shoppe.
  2262 | D:3      | Found a shadowy altar of Dithmenos.
  2323 | D:3      | Found a glowing silver altar of Zin.
  2570 | D:4      | You fall into a shaft and drop 1 floor!
  2570 | D:5      | Entered Level 5 of the Dungeon
  2608 | D:5      | Noticed a yak
  2608 | D:5      | Noticed a yak
  2613 | D:5      | Noticed a yak
  2613 | D:5      | Noticed a yak
  2614 | D:5      | Noticed a yak
  2615 | D:5      | Noticed a yak
  2626 | D:5      | Noticed Ijyb
  2630 | D:5      | Killed a yak
  2631 | D:5      | Reached skill level 1 in Poison Magic
  2631 | D:5      | Reached XP level 6. HP: 25/34 MP: 12/14
  2639 | D:5      | Killed Ijyb
  2713 | D:5      | Reached XP level 7. HP: 31/38 MP: 8/15
  3536 | D:5      | Killed a yak
  3537 | D:5      | Reached skill level 5 in Unarmed Combat
  3537 | D:5      | Reached skill level 5 in Spellcasting
  3537 | D:5      | Reached skill level 5 in Transmutations
  3542 | D:5      | Killed a yak
  3543 | D:5      | Reached XP level 8. HP: 40/43 MP: 15/17
  3547 | D:5      | Reached skill level 5 in Dodging
  3679 | D:5      | Found a basalt altar of Yredelemnul.
  4231 | D:6      | Reached XP level 9. HP: 19/48 MP: 20/20
  4485 | D:6      | Learned a level 4 spell: Ice Form
  4538 | D:6      | Found a staircase to the Ecumenical Temple.
  4758 | D:6      | Found a glowing golden altar of the Shining One.
  5032 | D:6      | Found an ornate altar of the Wu Jian Council.
  5201 | Temple   | Entered the Ecumenical Temple
  5269 | Temple   | Became a worshipper of Vehumet
  5364 | D:7      | Found a shimmering blue altar of Sif Muna.
  5404 | D:7      | Reached skill level 1 in Shields
  5478 | D:7      | Found a flagged portal.
  5593 | D:7      | Found Vopror's Jewellery Shop.
  6215 | D:8      | Reached * piety under Vehumet
  6215 | D:8      | Offered knowledge of Foxfire by Vehumet.
  6236 | D:8      | HP: 2/57 [howler monkey (2)]
  6236 | D:8      | Slain by an orc wizard

Illustrated notes

Levels and vault maps discovered:
D:1:      heliophobic_arrival_ceremonial_halls, layout_loops_ring
D:2:      layout_loops_ring, basic_altar, minmay_splitting_lines,
          nrook_loot_triangle, minmay_liquid_box, uniq_jessica
D:3:      layout_basic, lemuel_doored_altar, mainiacjoe_overflow_alcove_1,
          serial_shops, shop
D:4:      layout_rooms
D:5:      layout_rooms, lemuel_zombie_altar_yredelemnul, minmay_manual_mail,
          uniq_ijyb
D:6:      layout_loops_ring, tso_oasis_becter, nzn_wu_jian_council_hall,
          minmay_temple_entry_gardened_gates, grunt_ministairs_8
D:7:      layout_basic, mainiacjoe_overflow_24_doors, enter_bailey_5,
          nicolae_take_the_stairs
D:8:      layout_loops_cross, nicolae_gozag_zags_fifth_avenue,
          lemuel_crystal_altar, nemelex_diamond_rough_becter,
          mrwooster_statue_mirror, hangedman_abyss_or_decor_stagger,
          kennysheep_dice
Temple:   grunt_temple_mini_profane

Skill      XL: |  1  2  3  4  5  6  7  8  9 |
---------------+----------------------------+-----
Unarmed Combat | 3 4 5 6 7 |  7.3
Spellcasting   | 4 5 6 |  6.9
Transmutations | 3 4 5 6 7 |  7.5
Dodging        | 3 4 6 |  6.6
Stealth        | 1 2 3 |  3.5
Fighting       | 1 |  1.7
Poison Magic   | 1 2 3 |  3.3
Shields        | 1 |  1.3
Ice Magic      | |  0.5

Action                   |  1- 3 |  4- 6 |  7- 9 || total
-------------------------+-------+-------+-------++-------
Melee: Unarmed           |    81 |   157 |   334 ||   572
       Kick              |    22 |     4 |       ||    26
       Headbutt          |    12 |     1 |     1 ||    14
       Punch             |     1 |       |       ||     1
 Cast: Beastly Appendage |    20 |     5 |     2 ||    27
       Spider Form       |       |    14 |    20 ||    34
       Ice Form          |       |       |    13 ||    13
Evoke: Wand              |       |       |     2 ||     2
  Use: Scroll            |     1 |     8 |     6 ||    15
       Potion            |       |     1 |     4 ||     5
 Stab: Sleeping          |       |     1 |     2 ||     3
Armor: Robe              |    28 |    14 |     5 ||    47
       Skin              |       |    14 |    72 ||    86
Dodge: Dodged            |    52 |   153 |   325 ||   530
Block: Other             |       |       |    64 ||    64
       Reflection        |       |       |     8 ||     8

Table legend: (Time is in decaauts)
 A = Elapsed time spent in this place.
 B = Non-inter-level travel time spent in this place.
 C = Inter-level travel time spent in this place.
 D = Time resting spent in this place.
 E = Time spent auto-exploring this place.
 F = Levels seen in this place.
 G = Mean time per level.
                   A        B        C        D        E       F      G
               +--------+--------+--------+--------+--------+-----+--------+
         Total |   6181 |   5968 |    213 |    622 |   3683 |   9 |  686.8 |
       Dungeon |   6087 |   5907 |    180 |    622 |   3635 |   8 |  760.9 |
        Temple |     93 |     60 |     33 |      0 |     48 |   1 |   93.0 |
               +--------+--------+--------+--------+--------+-----+--------+

Top non-repeatable levels by time:
     D:2: 1069 daAuts
     D:6: 1011 daAuts
     D:5: 944 daAuts
     D:7: 880 daAuts
     D:1: 779 daAuts
     D:4: 743 daAuts
     D:3: 631 daAuts
  Temple: 93 daAuts
     D:8: 29 daAuts
